 Dungeon Crawl Stone Soup version 0.25.1-2-g60ff931df9 (webtiles) character file.

Game seed: 2948288783164845666

95 protoss039 the Magician (level 4, 0/24 HPs)
             Began as a Deep Elf Earth Elementalist on Aug 10, 2020.
             Slain by a goblin (5 damage)
             ... led by Robin
             ... on level 2 of the Dungeon.
             The game lasted 00:04:02 (2930 turns).

protoss039 the Magician (DEEE)                      Turns: 2930, Time: 00:04:03

Health: 0/24       AC:  2    Str:  5    XL:     4   Next: 39%
Magic:  10/12      EV: 13    Int: 21    God:
Gold:   55         SH:  0    Dex: 15    Spells: 5/11 levels left

rFire    . . .     SeeInvis .   h - -3 spear (curse)
rCold    . . .     Gourm    .   (no shield)
rNeg     . . .     Faith    .   c - +0 robe
rPois    .         Spirit   .   (no helmet)
rElec    .         Reflect  .   (no cloak)
rCorr    .         Harm     .   (no gloves)
MR       .....                  (no boots)
Stlth    +++.......             (no amulet)
HPRegen  0.08/turn              a - ring of stealth
MPRegen  0.13/turn              (no ring)

@: no status effects
A: no striking features
a: no special abilities


You were on level 2 of the Dungeon.
You were not hungry.

You visited 1 branch of the dungeon, and saw 2 of its levels.

You collected 55 gold pieces.

Inventory:

Hand Weapons
 g - a +1 mace
 h - a cursed -3 spear (weapon)
Missiles
 b - 43 stones (quivered)
 j - 9 poisoned darts
Armour
 c - a +0 robe (worn)
Jewellery
 a - a ring of stealth (left hand)
 l - an uncursed ring of fire
Scrolls
 e - a scroll of noise {unknown}
Potions
 i - a potion of heal wounds {unknown}
 k - a potion of lignification {unknown}
Comestibles
 d - 6 rations


   Skills:
 * Level 0.9 Polearms
 + Level 2.7 Dodging
 - Level 3.0 Stealth
 + Level 4.3 Spellcasting
 + Level 1.1 Transmutations
 + Level 4.3 Earth Magic


You had 5 spell levels left.
You knew the following spells:

 Your Spells              Type           Power        Failure   Level  Hunger
a - Sandblast             Erth           ###...       1%          1    None
b - Passwall              Tmut/Erth      ###.....     6%          2    #......
c - Stone Arrow           Conj/Erth      ##....       14%         3    ##.....

Your spell library contained the following spells:

 Spells                   Type           Power        Failure   Level  Hunger
 Petrify                  Tmut/Erth      ###.....     36%         4    ####...
 Lee's Rapid Deconstruct  Erth           ###.......   47%         5    ######.


Dungeon Overview and Level Annotations

Branches:
Dungeon (2/15)

Altars:
Ru

Annotations:
D:2 Robin


Message History

Confirm with . or Enter, or press ? or * to list all spells.
Aiming: Sandblast (safe; 1% risk of failure)
Press: ? - help, Shift-Dir - straight line, f/p - Robin
Aim: Robin, wielding a +0 dagger, wearing a +0 animal skin, wearing a +0 helmet and carrying a wand of flame (22) (moderately wounded)
The blast of sand hits Robin.
Robin is heavily wounded.
b - 43 stones The goblin closely misses you.
Robin zaps a wand.
The puff of flame hits you!
* * * LOW HITPOINT WARNING * * *
Unknown command.
Robin throws the goblin at you!
* * * LOW HITPOINT WARNING * * *
The goblin misses you.
Unknown command.
You closely miss the goblin. The goblin hits you with a +0 dagger.
* * * LOW HITPOINT WARNING * * *
Robin roars a battlecry!
The goblin goes into a battle-frenzy!
The goblin hits you.
You die...

...............#
#.........)....###
##................#
#....#...##.....#.##
#....#.## #.........
##....#.# #......###
#....g'.# #..###.#.#
#...g.######....##...
#..g@g....##...#..#.#
#.####........##(###.
#.#######.#...##)รท#..
#.........#.##.)##..#
#########<#.##.##.###
#....#.(#..#.#..
#.####...##...##
#......#...###.#
########.....#.#


You could see Robin and 3 goblins.

Vanquished Creatures
  3 adders (D:2)
  2 worms (D:2)
  4 dart slugs (D:1)
  2 leopard geckos (D:2)
  A giant cockroach (D:1)
  9 goblins
  6 hobgoblins (D:2)
  3 ball pythons
  9 bats
  A frilled lizard (D:2)
  7 kobolds
  7 rats
54 creatures vanquished.

Notes
Turn   | Place    | Note
-------+----------+-------------------------------------------
     0 | D:1      | protoss039 the Deep Elf Earth Elementalist began the quest
                  | for the Orb.
     0 | D:1      | Reached XP level 1. HP: 10/10 MP: 6/6
   440 | D:1      | Reached XP level 2. HP: 4/15 MP: 6/8
  1466 | D:1      | Learned a level 2 spell: Passwall
  1505 | D:2      | Noticed Robin
  1631 | D:2      | Reached XP level 3. HP: 16/19 MP: 6/10
  1679 | D:2      | Learned a level 3 spell: Stone Arrow
  1885 | D:2      | Reached XP level 4. HP: 23/24 MP: 0/12
  2094 | D:2      | Found a sacrificial altar of Ru.
  2112 | D:2      | Found a faded altar of an unknown god.
  2930 | D:2      | Slain by a goblin

Illustrated notes

Levels and vault maps discovered:
D:1:      dpeg_arrival_signposts, layout_basic, serial_bayou_pond_d,
          hangedman_decor_growths
D:2:      layout_basic, nicolae_ru_awakened_eye,
          chequers_ecumenical_altar_simple_redux, grunt_ministairs_10,
          kennysheep_nub, minmay_pentomino_pile, uniq_robin,
          uniq_crazy_yiuf_cottage, uniq_jessica

Skill      XL: |  1  2  3 |
---------------+----------+-----
Stealth        | 3 |  3.0
Earth Magic    | 4 |  4.3
Spellcasting   | 4 |  4.3
Polearms       | |  0.9
Dodging        | |  2.7
Transmutations | |  1.1

Action                   |  1- 3 |  4- 6 || total
-------------------------+-------+-------++-------
Melee: Unarmed           |     3 |       ||     3
       Spear             |    45 |    40 ||    85
 Cast: Sandblast         |    47 |    20 ||    67
  Use: Scroll            |     3 |       ||     3
 Stab: Sleeping          |     7 |     2 ||     9
  Eat: Chunk             |     3 |     3 ||     6
Armor: Robe              |    14 |     9 ||    23
Dodge: Dodged            |    43 |    49 ||    92
